 Dungeon Crawl Stone Soup version 0.13.0-19-g8e0b589 (webtiles) character file.

5300 MirrMurr the Grappler (level 10, -8/72 HPs)
             Began as a Pale Draconian Transmuter on Oct 24, 2013.
             Was a Follower of Okawaru.
             Mangled by ark's ghost (21 damage)
             ... on Level 9 of the Dungeon.
             The game lasted 00:46:56 (10528 turns).

MirrMurr the Grappler (Pale Draconian Transmuter)  Turns: 10528, Time: 00:46:56

HP  -8/72        AC  8     Str 15      XL: 10   Next: 22%
MP  14/18        EV 15     Int 20      God: Okawaru [*.....]
Gold 579         SH  0     Dex 11      Spells:  4 memorised,  3 levels left

Res.Fire  : . . .   See Invis. : .     - Unarmed
Res.Cold  : . . .   Warding    : .   (armour unavailable)
Life Prot.: . . .   Conserve   : .   (shield currently unavailable)
Res.Poison: .       Res.Corr.  : .   (helmet restricted)
Res.Elec. : .       Clarity    : .   G - +0 cloak
Sust.Abil.: . .     Spirit.Shd : .   (gloves currently unavailable)
Res.Mut.  : .       Stasis     : .   (no boots)
Res.Rott. : .       Flight     : .   (no amulet)
Saprovore : . . .                    (no ring)
                                     D - +5,+2 ring of slaying

@: blade hands (expiring), brilliant, somewhat resistant to hostile
enchantments, unstealthy
A: breathe steam, unfitting armour, AC +7
a: Breathe Steam, End Transformation, Heroism, Renounce Religion


You were on level 9 of the Dungeon.
You worshipped Okawaru.
Okawaru was aware of your devotion.
You were hungry.
Your hands were blades.
You visited 2 branches of the dungeon, and saw 10 of its levels.
You also visited: Sewer and Ossuary.

You collected 621 gold pieces.
You spent 62 gold pieces at shops.

Inventory:

Hand weapons
 k - a +1,+2 short sword of electrocution
 w - a +3,+1 elven falchion of freezing
Missiles
 b - 12 arrows
 h - 3 poisoned darts (quivered)
 x - 23 darts
 R - 15 poisoned needles
Armour
 n - a cursed +0 cloak
 G - a +0 cloak (worn)
Magical devices
 g - a wand of random effects (8)
 t - a wand of fireball (0)
 I - a wand of fireball (2)
 N - a wand of fire (6) {unknown}
Comestibles
 a - 7 bread rations
 q - 3 apples
 B - a choko
 E - 2 meat rations
 L - a lychee
 Q - 2 pears
 U - 12 sultanas
 W - a rotting chunk of rat flesh
 X - 2 chunks of orc flesh
Scrolls
 e - 8 scrolls of fear
 f - 5 scrolls of magic mapping
 i - 5 scrolls of teleportation
 o - 6 scrolls of remove curse
 p - 2 scrolls of blinking
 r - 3 scrolls of fog
 u - a scroll of enchant weapon I
 v - 3 scrolls of identify
 z - a scroll of noise
 A - a scroll of enchant weapon II {unknown}
 C - a scroll of curse armour {unknown}
 F - a scroll of curse weapon {unknown}
 H - 2 scrolls of enchant armour {unknown}
 J - 2 scrolls of amnesia {unknown}
 O - a scroll of recharging {unknown}
 S - a scroll of random uselessness {unknown}
 Y - a scroll of immolation {unknown}
Jewellery
 y - a cursed ring of fire
 D - a +5,+2 ring of slaying (left scythe-like blade)
 P - an uncursed amulet of stasis
Potions
 j - 4 potions of restore abilities
 l - 4 potions of curing
 m - a potion of magic
 s - a potion of cure mutation {!q}
Books
 d - a book of Changes

   Spells                             Type                      Level
   *Beastly Appendage                 Transmutation                1
   Sticks to Snakes                   Transmutation                2
   *Spider Form                       Transmutation/Poison         3
   *Ice Form                          Ice/Transmutation            4
   *Blade Hands                       Transmutation                5
 K - a book of Enchantments

   Spells                             Type                      Level
   Cause Fear                         Hexes                        4
   Silence                            Hexes/Air                    5
   Tukima's Dance                     Hexes                        5
   Deflect Missiles                   Charms/Air                   6
   Haste                              Charms                       6
   Discord                            Hexes                        8
 M - a book of Power

   Spells                             Type                      Level
   Iskenderun's Mystic Blast          Conjuration                  4
   Venom Bolt                         Conjuration/Poison           5
   Bolt of Magma                      Conjuration/Fire/Earth       5
   Fulminant Prism                    Conjuration/Hexes            5
   Iron Shot                          Conjuration/Earth            6
   Orb of Destruction                 Conjuration                  7
 T - a book of Envenomations

   Spells                             Type                      Level
   *Spider Form                       Transmutation/Poison         3
   Poison Weapon                      Charms/Poison                3
   Summon Scorpions                   Summoning/Poison             4
   Olgreb's Toxic Radiance            Poison                       4
   Poisonous Cloud                    Conjuration/Poison/Air       6
 V - a book of Annihilations {highlevel}

   This book is beyond your current level of understanding.

   Spells                             Type                      Level
   Poison Arrow                       Conjuration/Poison           6
   Orb of Destruction                 Conjuration                  7
   Chain Lightning                    Conjuration/Air              8
   Lehudib's Crystal Spear            Conjuration/Earth            8
   Ice Storm                          Conjuration/Ice              9
   Fire Storm                         Conjuration/Fire             9


   Skills:
 - Level 1.1 Fighting
 - Level 7.3 Dodging
 + Level 10.9 Unarmed Combat
 - Level 3.6 Spellcasting
 * Level 5.1 Transmutations
 - Level 4.2 Poison Magic


You had 3 spell levels left.
You knew the following spells:

 Your Spells              Type           Power        Failure   Level  Hunger
a - Beastly Appendage     Trmt           #####.       2%          1    None
b - Spider Form           Trmt/Pois      ####......   5%          3    ###....
c - Ice Form              Ice/Trmt       ####......   22%         4    ####...
d - Blade Hands           Trmt           #####.....   17%         5    #####..


Dungeon Overview and Level Annotations

Branches:
Dungeon (9/27)             Temple (1/1) D:6             Orc (0/4) D:9
   Lair: D:8-13

Altars:
Ashenzari
Cheibriados
Elyvilon
Fedhas
Kikubaaqudgha
Makhleb
Nemelex Xobeh
Okawaru
Sif Muna
Trog
Vehumet
Xom
Zin
the Shining One

Shops:
D:9 *

Annotations:
D:9 ark's ghost, powerful TrEE


Message History

You completely miss ark's ghost.
Ark's ghost hits you but does no damage.
You hit ark's ghost.
Ark's ghost is lightly damaged.
Ark's ghost misses you.
A yak comes into view.
You closely miss ark's ghost.
Your tail-slap misses ark's ghost.
You slash ark's ghost!
Ark's ghost is lightly damaged.
Ark's ghost hits you!
* * * LOW HITPOINT WARNING * * *
You hit ark's ghost.
Ark's ghost is lightly damaged.
The yak gores you.
* * * LOW HITPOINT WARNING * * *
A yak comes into view.
You slash ark's ghost!
Ark's ghost is moderately damaged.
Ark's ghost hits you!
You die...

...................
...................Y.
.....≈................
....≈≈≈...........Y....
...≈≈≈≈≈...............#
...≈≈≈...............#
...≈...............#
..............Y..##
..#####....p@..## #
###.....## #....##
..≈≈≈≈;#..## .≈≈≈; #.##
%≈≈≈ ### .≈≈ ≈


You could see 3 yaks, 2 sharks and ark's ghost.

Vanquished Creatures
  The ghost of Malachi the Spear-Bearer, an experienced TeBe of Trog (D:6)
  Grinder (D:5)
  A troll (D:9)
  A shark (D:9)
  A merfolk (D:7)
  A steam dragon (D:8)
  A manticore (D:8)
  A necrophage (D:9)
  A black bear (D:6)
  An ice beast (D:5)
  A sky beast (D:5)
  A yellow wasp (D:8)
  3 ogres
  2 phantoms
  An orc warrior (D:7)
  Sigmund (D:4)
  An elf zombie (Ossuary)
  6 giant frogs
  A water moccasin (D:5)
  The ghost of inmateoo the Chopper, an average NaFi (D:3)
  A troll zombie (D:9)
  3 crimson imps
  A hound (D:4)
  A jelly (D:5)
  A goliath beetle (D:7)
  3 big fish (D:7)
  Crazy Yiuf (D:4)
  2 orc priests
  A centaur skeleton (D:7)
  A scorpion (D:8)
  3 orc wizards
  3 iguanas
  4 worker ants
  Ijyb (D:6)
  2 big kobold zombies (Ossuary)
  A hound skeleton (D:6)
  2 mummies (Ossuary)
  7 gnolls (D:5)
  18 adders
  2 green rats
  A goliath beetle zombie (D:8)
  5 worms
  An inept feature mimic (D:7)
  18 grey rats (Sewer)
  A giant eyeball (D:7)
  5 giant geckos
  2 oozes (Sewer)
  16 orcs
  13 ball pythons
  16 bats
  A bat zombie (D:5)
  4 giant cockroaches
  6 gnoll zombies (Ossuary)
  12 hobgoblins
  7 jackals
  7 giant newts
  2 giant spores
  12 goblins
  A goblin zombie (Ossuary)
  2 hobgoblin skeletons
  17 kobolds
  An orc skeleton (D:5)
  4 orc zombies (Ossuary)
  4 quokkas
  30 rats
  13 ballistomycetes
287 creatures vanquished.

Vanquished Creatures (others)
  A giant spore (D:6)
1 creature vanquished.

Grand Total: 288 creatures vanquished

Notes
Turn   | Place    | Note
--------------------------------------------------------------
     0 | D:1      | MirrMurr, the Draconian Transmuter, began the quest for the Orb.
     0 | D:1      | Reached XP level 1. HP: 16/16 MP: 1/1
   297 | D:1      | Reached XP level 2. HP: 23/23 MP: 3/3
   677 | D:1      | Reached skill level 4 in Unarmed Combat
   832 | D:2      | Reached XP level 3. HP: 15/28 MP: 2/4
   977 | D:2      | Found a bloodstained altar of Trog.
   978 | D:2      | Found a sparkling altar of Nemelex Xobeh.
  1165 | D:2      | Learned a level 3 spell: Spider Form
  1936 | D:3      | Reached skill level 5 in Unarmed Combat
  1936 | D:3      | Reached XP level 4. HP: 32/35 MP: 4/6
  2421 | D:3      | Noticed inmateoo's ghost (average NaFi)
  2446 | D:3      | Killed inmateoo's ghost
  2446 | D:3      | Reached skill level 6 in Unarmed Combat
  2446 | D:3      | Reached XP level 5. HP: 27/40 MP: 5/7
  2735 | D:3      | Found a white marble altar of Elyvilon.
  3028 | D:4      | Noticed an ogre
  3038 | D:4      | Killed an ogre
  3038 | D:4      | Reached skill level 7 in Unarmed Combat
  3038 | D:4      | Reached XP level 6. HP: 18/47 MP: 7/9
  3235 | D:4      | Learned a level 4 spell: Ice Form
  3337 | D:4      | Noticed Sigmund
  3347 | D:4      | Killed Sigmund
  3659 | D:4      | Noticed Crazy Yiuf
  3662 | D:4      | Killed Crazy Yiuf
  3948 | D:5      | Entered Level 5 of the Dungeon
  3980 | D:4      | Reached skill level 8 in Unarmed Combat
  3980 | D:4      | Your scales start fading to a pale cyan-grey colour.
  3980 | D:4      | Reached XP level 7. HP: 43/52 MP: 10/10
  4204 | D:5      | Found a glowing drain.
  4230 | Sewer    | Entered a sewer
  4523 | Sewer    | Reached skill level 9 in Unarmed Combat
  5068 | Sewer    | Reached XP level 8. HP: 33/60 MP: 12/12
  5349 | D:5      | Reached skill level 1 in Poison Magic
  5528 | D:5      | Noticed Grinder
  5541 | D:5      | Killed Grinder
  5671 | D:6      | Noticed Ijyb
  5687 | D:6      | Killed Ijyb
  5932 | D:6      | Reached XP level 9. HP: 52/66 MP: 13/13
  5970 | D:6      | Reached skill level 5 in Dodging
  5971 | D:6      | Noticed Malachi's ghost (experienced TeBe)
  6071 | D:5      | Reached skill level 10 in Unarmed Combat
  6219 | D:5      | Paralysed by a potion of paralysis for 6 turns
  6242 | D:6      | Found an iron altar of Okawaru.
  6651 | D:6      | Found a staircase to the Ecumenical Temple.
  6662 | Temple   | Entered the Ecumenical Temple
  6770 | D:6      | Killed Malachi's ghost
  7297 | D:7      | Paralysed by a giant eyeball for 4 turns
  7350 | D:7      | Found a blossoming altar of Fedhas.
  7527 | D:6      | Became a worshipper of Warmaster Okawaru
  8429 | D:8      | Learned a level 5 spell: Blade Hands
  8763 | D:8      | Paralysed by a yellow wasp for 2 turns
  9206 | D:8      | Found a sand-covered staircase.
  9211 | Ossuary  | Entered an ossuary
  9263 | Ossuary  | Reached XP level 10. HP: 62/72 MP: 18/18
  9705 | D:9      | Noticed ark's ghost (powerful TrEE)
 10017 | D:9      | Found a staircase to the Orcish Mines.
 10032 | D:9      | Found a shattered altar of Ashenzari.
 10093 | D:9      | Acquired Okawaru's first power
 10406 | D:9      | Reached skill level 5 in Transmutations
 10470 | D:9      | Found Ytui's Assorted Antiques.
 10504 | D:9      | Bought a scroll labeled TWUOFOSUTE for 31 gold pieces
 10504 | D:9      | Bought a scroll labeled DOC LUMEADOBE for 31 gold pieces
 10528 | D:9      | Mangled by ark's ghost

Action                   |  1- 3 |  4- 6 |  7- 9 | 10-12 || total
-------------------------+-------+-------+-------+-------++-------
Melee: Unarmed           |    28 |    13 |   525 |    87 ||   653
       Short sword       |    90 |   130 |    34 |       ||   254
Throw: Dart              |       |       |     2 |       ||     2
 Cast: Beastly Appendage |     9 |     9 |    40 |     5 ||    63
       Spider Form       |       |     1 |     2 |     1 ||     4
       Blade Hands       |       |       |       |     2 ||     2
 Abil: Breathe Steam     |       |       |     3 |       ||     3
       End Transformatio |       |       |     1 |     1 ||     2
Evoke: Wand              |       |       |     4 |       ||     4
  Use: Potion            |     1 |     2 |    11 |     3 ||    17
       Scroll            |     2 |     4 |     6 |       ||    12
 Stab: Sleeping          |       |     2 |       |       ||     2
